 Dungeon Crawl Stone Soup version 0.24-a0-335-g06ca16a (webtiles) character file.

Game seed: 1378426737825799377

93 Borgoz the Twirler (level 4, 0/27 HPs)
             Began as a Gargoyle Gladiator on May 19, 2019.
             Was an Initiate of Okawaru.
             Slain by a phantom (6 damage)
             ... on level 2 of the Dungeon.
             The game lasted 00:01:48 (1295 turns).

Borgoz the Twirler (Gargoyle Gladiator)             Turns: 1295, Time: 00:01:48

Health: 0/27       AC:  7    Str: 17    XL:     4   Next: 62%
Magic:  4/4        EV: 13    Int:  9    God:    Okawaru [......]
Gold:   189        SH:  0    Dex: 12    Spells: 3/3 levels left

rFire    . . .     SeeInvis .   a - +0 quarterstaff
rCold    . . .     Gourm    .   (shield currently unavailable)
rNeg     + . .     Faith    .   b - +0 leather armour
rPois    ∞         Spirit   .   c - +0 helmet
rElec    +         Reflect  .   (no cloak)
rCorr    .         Harm     .   (no gloves)
MR       .....                  (no boots)
Stlth    +.........             (no amulet)
HPRegen  0.09/turn              (no ring)
MPRegen  0.09/turn              (no ring)

@: no status effects
A: negative energy resistance 1, electricity resistance, unbreathing,
petrification resistance, rot immunity, AC +3
a: Renounce Religion


You were on level 2 of the Dungeon.
You worshipped Okawaru.
Okawaru was noncommittal.
You were not hungry.

You visited 1 branch of the dungeon, and saw 2 of its levels.

You collected 189 gold pieces.

Inventory:

Hand Weapons
 a - a +0 quarterstaff (weapon)
Missiles
 d - 3 throwing nets (quivered)
Armour
 b - a +0 leather armour (worn)
 c - a +0 helmet (worn)
 k - a +0 ring mail
Scrolls
 g - a scroll of teleportation {unknown}
 h - 2 scrolls of identify {unknown}
 i - 2 scrolls of random uselessness {unknown}
 j - 2 scrolls of enchant armour {unknown}
 m - a scroll of magic mapping {unknown}
Potions
 e - 3 potions of flight {unknown}
 l - a potion of degeneration {unknown}
 o - 2 potions of curing {unknown}
 p - a potion of berserk rage {unknown}
 q - a potion of brilliance {unknown}
Comestibles
 f - 5 rations
 n - 9 chunks of flesh


   Skills:
 + Level 2.8 Fighting
 * Level 3.8 Staves
 - Level 1.8 Throwing
 + Level 1.5 Armour
 * Level 3.2 Dodging


You had 3 spell levels left.
You didn't know any spells.
Your spell library was empty.

Dungeon Overview and Level Annotations

Branches:
Dungeon (2/15)

Altars:
Nemelex Xobeh
Okawaru


Innate Abilities, Weirdness & Mutations

You are resistant to torment.
Your stone body is resilient. (AC +3)
You are immune to poison.
You resist negative energy. (rN+)
You are resistant to electric shocks. (rElec)
You can survive without breathing.
You are immune to petrification.
You are immune to rotting.


Message History

The phantom is lightly damaged.
The phantom hits you.
* * * LOW HITPOINT WARNING * * *
You sock the phantom!
The phantom is heavily damaged.
The phantom blinks!
You hit the dart slug.
The dart slug is heavily wounded.
You closely miss the phantom.
The phantom is heavily damaged.
You closely miss the phantom.
The phantom is heavily damaged.
The phantom hits you.
* * * LOW HITPOINT WARNING * * *
The phantom blinks!
The phantom closely misses you.
You closely miss the phantom.
The phantom is moderately damaged.
The phantom hits you.
You die...

#. .. #$##.# #......# #.#
#..#W #.##.# #......# #.#
#..#.###.##.# #......####.#
#.... ...##.# #..)...).....
####.#.###.##.##############.#
>w.............##.........##.#
..............w.+.............
######.###+###W.#(........##.#
#.#.....@#.#.........##.#
#.#......#...........##.#
#.#......##..(.......##.#
#.#......###(#####.......
#.#......##((≈.# ###.##.#
#......#.≈((## #.##.#
#########≈.≈.#####.##.#
#.≈.≈##..÷..##.#
##≈.≈.########.#


You could see a phantom and a dart slug.

Vanquished Creatures
  3 adders (D:2)
  A gnoll (D:2)
  A worm (D:2)
  A dart slug (D:1)
  2 leopard geckos (D:2)
  An orc (D:2)
  4 giant cockroaches
  5 goblins
  4 hobgoblins
  2 jackals (D:1)
  12 kobolds
  A ball python (D:1)
  5 bats
  5 frilled lizards
  A rat (D:2)
48 creatures vanquished.

Notes
Turn   | Place    | Note
-------+----------+-------------------------------------------
     0 | D:1      | Borgoz the Gargoyle Gladiator began the quest for the Orb.
     0 | D:1      | Reached XP level 1. HP: 12/12 MP: 1/1
    59 | D:1      | Reached XP level 2. HP: 17/17 MP: 2/2
   252 | D:1      | Reached skill level 1 in Armour
   508 | D:2      | Reached XP level 3. HP: 22/22 MP: 3/3
   685 | D:2      | Found a sparkling altar of Nemelex Xobeh.
   844 | D:2      | Reached XP level 4. HP: 6/27 MP: 4/4
  1179 | D:2      | Found an iron altar of Okawaru.
  1237 | D:2      | Became a worshipper of Warmaster Okawaru
  1266 | D:2      | Noticed a phantom
  1295 | D:2      | Slain by a phantom

Levels and vault maps discovered:
D:1:      minmay_arrival_glassed_features, layout_basic,
          minmay_misc_feat_diagonals
D:2:      layout_basic, okawaru_altar_gauntlet_db, minivault_25,
          nemelex_spade_bored_becter

Skill      XL: |  1  2  3 |
---------------+----------+-----
Armour         | 1 |  1.5
Dodging        | 3 |  3.2
Fighting       | |  2.8
Staves         | |  3.8
Throwing       | |  1.8

Action                   |  1- 3 |  4- 6 || total
-------------------------+-------+-------++-------
Melee: Quarterstaff      |    94 |    54 ||   148
  Eat: Chunk             |       |     1 ||     1
Armor: Leather armour    |    35 |    30 ||    65
Dodge: Dodged            |    66 |    39 ||   105

Table legend:
 A = Non-vault XP
 B = Vault XP
 C = Vault XP percentage of total XP
 D = Non-vault monster count
 E = Vault monster count
 F = Vault count percentage of total count
                 A         B        C        D         E       F
            +---------+---------+-------+---------+---------+-------
      Total |     111 |      23 |  17.2 |      42 |       6 |  12.5
            +---------+---------+-------+---------+---------+-------
        D:1 |      33 |       0 |   0.0 |      20 |       0 |   0.0
        D:2 |      78 |      23 |  22.8 |      22 |       6 |  21.4
            +---------+---------+-------+---------+---------+-------
